[Event "*** SCC Grand Prix: Titled Tuesday Blitz"]
[Site "Chess.com"]
[Date "2020.09.08"]
[Round "2"]
[White "stepanosinovsky"]
[Black "jamalm2"]
[Result "1-0"]
[WhiteElo "2358"]
[BlackElo "1920"]
[TimeControl "180+1"]
[EndTime "10:17:38 PDT"]
[Termination "stepanosinovsky won on time"]

1. e4 c5 2. Nf3 e6 3. d3 Nc6 4. Nbd2 Nge7 5. g3 g6 6. Bg2 Bg7 7. h4 a6 8. h5 Qc7 9. Qe2 Nd4 10. Nxd4 cxd4 11. Nc4 b5 12. h6 Bf6 13. e5 bxc4 14.
exf6 Bb7 15. Bf4 Qa5+ 16. Bd2 Qb6 17. fxe7 Bxg2 18. Qe5 Rg8 19. Rh2 Bd5 20. Bg5 Qxb2 21. Rc1 Qb4+ 22. Kf1 Rc8 23. Qg7 f6 24. Qxg8+ Kxe7 25.
Qxc8 fxg5 26. dxc4 Bxc4+ 27. Kg1 Bd5 28. Qh8 Qd2 29. Rf1 Bc4 30. Qxh7+ 1-0

[Event "*** SCC Grand Prix: Titled Tuesday Blitz"]
[Site "Chess.com"]
[Date "2020.09.08"]
[Round "2"]
[White "ASVZ"]
[Black "dretch"]
[Result "0-1"]
[WhiteElo "2514"]
[BlackElo "2776"]
[TimeControl "180+1"]
[EndTime "10:17:39 PDT"]
[Termination "dretch won by checkmate"]

1. e4 e6 2. d4 d5 3. e5 c5 4. c3 Nc6 5. Be3 Nge7 6. Nf3 Nf5 7.
Bd3 c4 8. Bc2 b5 9. Nbd2 Bd7 10.
O-O b4 11. a3 bxc3 12. bxc3 Qa5 13. Nb1 Nxe3 14. fxe3 Be7 15. e4 Rb8 16. Qc1 O-O 17.
Ra2 f6 18. exf6 Rxf6 19. e5 Rf7 20. Ng5 Rxf1+ 21. Kxf1 Rf8+ 22. Nf3 Be8 23. Rb2 Bh5 24. Kf2 Bh4+ 25. Ke2 Qd8 26. Rb7 Qc8 27. Qb2 Bd8 28.
Rb5 Bb6 29. Qc1 Bxd4 30. Qg5 Bxf3+ 31. gxf3 Bxe5 32. Nd2 Bxc3 33. Rc5 Nd4+ 34. Kf2 Qxc5 35. Qh5 Nxc2+ 36. Kg3 Qg1+ 37. Kh4 Bxd2 38. Qxh7+ Kxh7 39. h3 a6 40. f4 a5 41. f5 e5 42. a4 e4 43. f6 gxf6 44. Kh5 Qg5# 0-1

[Event "*** SCC Grand Prix: Titled Tuesday Blitz"]
[Site "Chess.com"]
[Date "2020.09.08"]
[Round "2"]
[White "parnali1611"]
[Black "NikolaGry"]
[Result "0-1"]
[WhiteElo "2156"]
[BlackElo "2616"]
[TimeControl "180+1"]
[EndTime "10:17:39 PDT"]
[Termination "NikolaGry won by resignation"]

1. d4 d5 2. c4 Nc6 3. Nf3 Bg4 4. cxd5 Bxf3 5. dxc6 Bxc6 6. Nc3 e6 7. e4 Bb4 8. f3 Qh4+ 9. g3 Qf6 10. Be3 O-O-O 11. Be2 Ne7 12. Qb3 Ba5 13. O-O Bb6 14. e5 Qg6 15. Rad1 Nf5 16. Bd3 Nxe3 17. Bxg6 hxg6 18. Ne2 Nxd1 19. Rxd1 Rd5 20. Kg2 Rhd8 21. Nf4 Rxd4 22. Rxd4 Rxd4 23. Nxg6 Rd2+ 24. Kf1 Rf2+ 25.
Ke1 Rxf3 26. Ne7+ Kd7 27. Qb4 a5 28. Qh4 Bb5 29. Ng8 Be3 30. Qe7+ Kc6 31. Qe8+ Kb6 32.
Kd1 Bxe8 0-1

[Event "*** SCC Grand Prix: Titled Tuesday Blitz"]
[Site "Chess.com"]
[Date "2020.09.08"]
[Round "2"]
[White "Oligan22"]
[Black "ChessFunMaker"]
[Result "1-0"]
[WhiteElo "2463"]
[BlackElo "2246"]
[TimeControl "180+1"]
[EndTime "10:17:39 PDT"]
[Termination "Oligan22 won on time"]

1. e4 c5 2. Nf3 d6 3. Bb5+ Bd7 4. Bxd7+ Qxd7 5. O-O Nf6 6. Re1 Nc6 7. b3 e6 8. Bb2 Be7 9. d4 cxd4 10. Nxd4 O-O 11.
c4 Nxd4 12. Qxd4 Ne8 13. e5 Rd8 14. Qxa7 dxe5 15. Bxe5 Bb4 16. Bc3 Bxc3 17. Nxc3 Qd2 18. Ne4 Qb2 19. Qxb7 f5 20. Ng5 Nd6 21. Qc7 Ne4 22.
Nxe6 Rd2 23. Qe7 Ra8 24. Rad1 Qf6 25. Qxf6 gxf6 26. a4 Rb2 27. Rd3 Rb8 28. f3 1-0

[Event "*** SCC Grand Prix: Titled Tuesday Blitz"]
[Site "Chess.com"]
[Date "2020.09.08"]
[Round "2"]
[White "Firouzja2003"]
[Black "UCantHandleDenker"]
[Result "1-0"]
[WhiteElo "2993"]
[BlackElo "2592"]
[TimeControl "180+1"]
[EndTime "10:17:40 PDT"]
[Termination "Firouzja2003 won by resignation"]

1. d4 Nf6 2. Nf3 g6 3. g3 Bg7 4. Bg2 O-O 5. O-O d6 6. b3 c5 7. Bb2 cxd4 8. Nxd4 d5 9. c4 dxc4 10. bxc4 Qb6 11. Qb3 Na6 12. e3 Nd7 13. Nc3 Ndc5 14.
Qa3 Bd7 15. Nd5 Qd8 16. Nb3 Bxb2 17. Qxb2 Rc8 18. Rfd1 Qe8 19. h4 h5 20. Qe5 Be6 21. Nxc5 Nxc5 22. Nc7 Nd7 23. Qf4 Qd8 24. Nxe6 fxe6 25. Qh6 Rf6 26. Bxb7 Rxc4 27. Rab1 Qc7 28. Ba6 Rg4 29. Rxd7 Rxg3+ 30. Kf1 Qxd7 31. Rb8+ 1-0

[Event "*** SCC Grand Prix: Titled Tuesday Blitz"]
[Site "Chess.com"]
[Date "2020.09.08"]
[Round "2"]
[White "FlamingPhoenix123"]
[Black "Bulldog167"]
[Result "1/2-1/2"]
[WhiteElo "2558"]
[BlackElo "2851"]
[TimeControl "180+1"]
[EndTime "10:17:40 PDT"]
[Termination "Game drawn by repetition"]

1. e4 c6 2. d4 d5 3. Nc3 dxe4 4.
Nxe4 Nf6 5. Nxf6+ gxf6 6. c3 Bf5 7. Nf3 Nd7 8. g3 e6 9. Bg2 Bd6 10. Nh4 Bg6 11. O-O Qc7 12. Qe2 O-O-O 13. b4 f5 14. a4 f4 15. b5 c5 16. a5 Rhg8 17.
a6 b6 18. Nxg6 hxg6 19. Qe4 Nf6 20. Qb7+ Kd7 21. dxc5 bxc5 22. Bxf4 Bxf4 23. gxf4 Rb8 24. Rfd1+ Nd5 25. Bxd5 Rxb7 26. Bc6+ Ke7 27. axb7 Qxf4 28. Rd7+ Kf6 29. Rd3 Kg7 30. Rxa7 Rh8 31. Rg3 Rd8 32. Ra8 Rd2 33. Rf3 Qg5+ 34. Rg3 Qf4 35. Rf3 Qg5+ 36. Rg3 Qf4 1/2-1/2

[Event "*** SCC Grand Prix: Titled Tuesday Blitz"]
[Site "Chess.com"]
[Date "2020.09.08"]
[Round "2"]
[White "rasmussvane"]
[Black "BUITRONGHAO"]
[Result "1-0"]
[WhiteElo "2891"]
[BlackElo "2561"]
[TimeControl "180+1"]
[EndTime "10:17:41 PDT"]
[Termination "rasmussvane won by resignation"]

1. Nf3 d5 2. g3 Nf6 3. Bg2 Bf5 4. O-O e6 5. c4 c6 6. Qb3 Qb6 7. d3 Nbd7 8. cxd5 cxd5 9. Nc3 Qxb3 10. axb3 a6 11. Bf4 Be7 12. Nb5 O-O 13. Bd6 Rfe8 14. Bxe7 Rxe7 15. Nd6 Bg4 16. Nxb7 Bxf3 17. Bxf3 Ne5 18.
Nc5 Nxf3+ 19. exf3 Rea7 20. Ra5 Nd7 21. d4 Nxc5 22. dxc5 Rb8 23. Rfa1 Rc7 24. R1a3 g6 25. f4 Kg7 26. Kf1 Kf6 27. Ke2 Kf5 28. Ke3 h5 29. f3 Rcb7 30. c6 Rb6 31. Rxa6 Rxb3+ 32. Rxb3 Rxb3+ 33. Kd4 Rxb2 34. Kc5 Rc2+ 35. Kd6 d4 36. c7 d3 37. Kd7 d2 38. Rd6 h4 39. c8=Q Rxc8 40.
Kxc8 hxg3 41. hxg3 1-0

[Event "*** SCC Grand Prix: Titled Tuesday Blitz"]
[Site "Chess.com"]
[Date "2020.09.08"]
[Round "2"]
[White "Arjun2002"]
[Black "DvaHrasta"]
[Result "1-0"]
[WhiteElo "2717"]
[BlackElo "2478"]
[TimeControl "180+1"]
[EndTime "10:17:41 PDT"]
[Termination "Arjun2002 won on time"]

1. e4 c6 2. d4 d5 3. e5 c5 4. dxc5 e6 5. Nf3 Bxc5 6. a3 Ne7 7. Bd3 Nbc6 8. O-O Ng6 9. b4 Bb6 10. Qe2 Qc7 11. Re1 Bd7 12. c3 a5 13. b5 Nce7 14. a4 O-O 15. h4 Rfc8 16. h5 Nf8 17. h6 g6 18. Bg5 Nf5 19. Kh2 Be8 20. g4 Ne7 21. Nbd2 Rd8 22. Rac1 Rac8 23. Nd4 Bc5 24. f4 Nd7 25. N2f3 Nb6 26. Ra1 Nc4 27. Bxc4 dxc4 28.
Red1 Nd5 29. Bxd8 Rxd8 30. Qxc4 Nxf4 31. Kg3 Nd5 32. Rd2 f6 33. Re1 fxe5 34. Nxe5 Bf7 35. Nf3 Qe7 36. g5 Rc8 37. Qd3 Bd6 38. c4 Bxe5+ 39.
Nxe5 Qxg5+ 40. Kh2 1-0

[Event "*** SCC Grand Prix: Titled Tuesday Blitz"]
[Site "Chess.com"]
[Date "2020.09.08"]
[Round "2"]
[White "diablanni"]
[Black "Sethu0025"]
[Result "0-1"]
[WhiteElo "2363"]
[BlackElo "2708"]
[TimeControl "180+1"]
[EndTime "10:17:41 PDT"]
[Termination "Sethu0025 won on time"]

1. e4 e5 2. Nf3 Nc6 3. d4 exd4 4. Nxd4 Qf6 5. Nxc6 Bc5 6. Qf3 bxc6 7. Nd2 d6 8.
Nb3 Bb6 9. a4 a5 10. Bd2 Qxf3 11. gxf3 Ne7 12. Rg1 O-O 13. Be3 Bxe3 14. fxe3 f5 15.
e5 dxe5 16. Bc4+ Kh8 17. O-O-O g6 18. c3 Kg7 19. Nc5 Kf6 20. h4 h6 21. Nd7+ Bxd7 22. Rxd7 Rac8 23. Rgd1 g5 24. h5 Rfe8 25. Kc2 Rf8 26.
Kc1 Rfe8 27. R1d2 g4 28. fxg4 fxg4 29. Rf2+ Kg5 30. Rf7 Nf5 31. e4 Nd6 32. Rg7+ Kh4 33. Be2 Rg8 34. Rxc7 g3 35. Rxg8 Rxg8 36. Rxc6 g2 37. Rxd6 g1=Q+ 38. Bd1 Qe3+ 0-1

[Event "*** SCC Grand Prix: Titled Tuesday Blitz"]
[Site "Chess.com"]
[Date "2020.09.08"]
[Round "2"]
[White "shnitez"]
[Black "ecwinslow"]
[Result "1-0"]
[WhiteElo "2533"]
[BlackElo "2300"]
[TimeControl "180+1"]
[EndTime "10:17:41 PDT"]
[Termination "shnitez won by resignation"]

1. e4 c5 2. Nf3 d6 3. Bb5+ Bd7 4. Bxd7+ Nxd7 5. O-O Ngf6 6. Qe2 Rc8 7. c4 e6 8. Nc3 Be7 9. d4 cxd4 10. Nxd4 O-O 11. b3 a6 12. Bb2 Re8 13. Rad1 Qc7 14. Kh1 Bf8 15. f4 Qb8 16. Rf3 b6 17. Re1 Rc5 18.
Ba3 Rh5 19. Rg3 e5 20. fxe5 Rhxe5 21. Nc6 Qb7 22. Nxe5 Rxe5 23. Re3 b5 24. Nd5 Nxd5 25. exd5 bxc4 26. bxc4 g6 27. Rxe5 Nxe5 28. Bb2 Bg7 29.
Bxe5 Bxe5 30. c5 Qxd5 31. cxd6 Bxd6 32. Qxa6 Qd2 33. Qe2 Qf4 34. g3 Qa4 35. Qg2 h5 36. Rf1 Kg7 37. Qf3 Qa7 38. a4 f5 39. Qc6 Be5 40.
Rb1 Qe3 41. a5 h4 42. gxh4 Qe2 43.
Qg2 Qd3 44. Rg1 f4 45. a6 f3 46. Qxg6+ Qxg6 47. Rxg6+ Kxg6 48. a7 1-0

[Event "*** SCC Grand Prix: Titled Tuesday Blitz"]
[Site "Chess.com"]
[Date "2020.09.08"]
[Round "2"]
[White "LubovMarkelova"]
[Black "Pikachess999"]
[Result "1-0"]
[WhiteElo "2205"]
[BlackElo "2404"]
[TimeControl "180+1"]
[EndTime "10:17:41 PDT"]
[Termination "LubovMarkelova won by resignation"]

1. Nf3 d5 2. d4 Nf6 3. c4 c6 4.
Nc3 dxc4 5. e3 b5 6. a4 b4 7. Na2 e6 8. Bxc4 Nbd7 9. O-O Be7 10. b3 Bb7 11. Bb2 O-O 12. Nc1 c5 13. Nd3 a5 14. Qe2 Qb6 15. Rfd1 Be4 16. Nde5 Nxe5 17. Nxe5 Rad8 18. Rac1 Bd5 19. dxc5 Bxc5 20. Bxd5 Nxd5 21. Nc4 Qa7 22. Qg4 Nc3 23. Rxd8 Rxd8 24. Bxc3 bxc3 25. Rxc3 Bb4 26. Rc1 Qd7 27. h4 Qd3 28. Qg5 h6 29. Qb5 Qxb3 30. Nxa5 Rd1+ 31. Rxd1 Qxd1+ 32. Kh2 Bd6+ 33. g3 Qd2 34. Kg2 g6 35. Nc4 Qd1 36. Nxd6 Qxd6 37. a5 Qc7 38. a6 Qa7 39. Qb7 1-0

[Event "*** SCC Grand Prix: Titled Tuesday Blitz"]
[Site "Chess.com"]
[Date "2020.09.08"]
[Round "2"]
[White "JRenatoMaranhao"]
[Black "MarceloPlaya"]
[Result "0-1"]
[WhiteElo "2019"]
[BlackElo "2371"]
[TimeControl "180+1"]
[EndTime "10:17:41 PDT"]
[Termination "MarceloPlaya won on time"]

1. e4 e6 2. d4 d5 3. Nc3 Bb4 4. exd5 exd5 5. a3 Bxc3+ 6. bxc3 Nf6 7. Bd3 O-O 8. Ne2 Bg4 9. f3 Bh5 10. O-O Bg6 11. Bxg6 hxg6 12. Bg5 Qd6 13. Rb1 b6 14. Bf4 Qxa3 15. Bxc7 Rc8 16. Bf4 Nc6 17. Bd2 Na5 18. Re1 Nc4 19. Rb4 a5 20. Bc1 Qa2 21. Rb5 a4 22.
Nf4 Na3 23. Rb2 Qc4 24. Rxb6 Qxc3 25. Bb2 Qc7 26. Rxf6 gxf6 27. Nxd5 Qd6 28. Ne7+ Kg7 29. d5 Nc4 30. Ba1 Re8 31. Nc6 Rxe1+ 32. Qxe1 a3 33.
Qc3 Ne5 34. Nxe5 fxe5 35. Qd3 a2 36. c4 Qb6+ 0-1

[Event "*** SCC Grand Prix: Titled Tuesday Blitz"]
[Site "Chess.com"]
[Date "2020.09.08"]
[Round "2"]
[White "AliKa2810"]
[Black "Onischuk_V"]
[Result "0-1"]
[WhiteElo "2580"]
[BlackElo "2958"]
[TimeControl "180+1"]
[EndTime "10:17:42 PDT"]
[Termination "Onischuk_V won by resignation"]

1. d4 d6 2. Nf3 g6 3. c4 Bg7 4. Nc3 Bg4 5. g3 Bxf3 6. exf3 e6 7. Bg2 Ne7 8. O-O O-O 9. f4 c6 10. Re1 d5 11. cxd5 cxd5 12. Be3 Nbc6 13. Qd2 Nf5 14.
Ne2 h5 15. Rac1 Qb6 16. Kh1 Rfc8 17. Red1 Nd6 18. b3 a5 19. Ng1 a4 20. Nf3 axb3 21.
axb3 Qxb3 22. Rb1 Qa4 23. Ne5 Nxe5 24. fxe5 Nc4 25. Qe2 b5 26. h4 b4 27. g4 hxg4 28. Qxg4 Rcb8 29. h5 Qc2 30. h6 Bf8 31. Bg5 Qf5 32. Qh4 Kh7 33. Rb3 Ra3 34. Rdd3 Rb7 35. Rf3 Qc2 36. Qh3 Rxb3 37. Rxb3 Nd2 38. Rg3 b3 39.
Bxd5 b2 40. Bxb7 b1=Q+ 41. Kh2 Qxb7 42. Bxd2 Qxd2 0-1

[Event "*** SCC Grand Prix: Titled Tuesday Blitz"]
[Site "Chess.com"]
[Date "2020.09.08"]
[Round "2"]
[White "ChessicallyInclined"]
[Black "Anton_Demchenko"]
[Result "1-0"]
[WhiteElo "2570"]
[BlackElo "2852"]
[TimeControl "180+1"]
[EndTime "10:17:42 PDT"]
[Termination "ChessicallyInclined won by resignation"]

1. d4 Nf6 2. c4 g6 3. Nc3 Bg7 4. e4 O-O 5. f3 d6 6. Be3 a6 7. Nge2 Nbd7 8. Qd2 b5 9. Nf4 c6 10. h4 e5 11. dxe5 dxe5 12. Nd3 Qe7 13. Qf2 Nh5 14.
O-O-O Nf4 15. Nc5 Ne6 16. Nxe6 Qxe6 17. c5 b4 18. Rd6 Qe7 19. Na4 Bb7 20. Bc4 Nf6 21.
h5 Nxh5 22. Qd2 Rab8 23. Rd7 Qe8 24. Bg5 Nf4 25. Nb6 h6 26. Bxh6 Bxh6 27. Rxh6 Kg7 28. Rh2 Rh8 29. g3 Nh5 30. Rxf7+ Qxf7 31. Bxf7 Kxf7 32. Qd7+ Kf6 33. Qd6+ Kg7 34. Qxe5+ Kf7 35. Qc7+ Kf6 36. Nd7+ Kg5 37. Qe5+ 1-0

[Event "*** SCC Grand Prix: Titled Tuesday Blitz"]
[Site "Chess.com"]
[Date "2020.09.08"]
[Round "2"]
[White "VinzentSpitzl"]
[Black "creativity"]
[Result "0-1"]
[WhiteElo "2359"]
[BlackElo "2072"]
[TimeControl "180+1"]
[EndTime "10:17:44 PDT"]
[Termination "creativity won by resignation"]

1. e4 d6 2. d4 Nf6 3. Nc3 g6 4. Be3 Bg7 5. h3 O-O 6. Nge2 e5 7. g4 exd4 8. Nxd4 Re8 9. Bg2 Nbd7 10. O-O Nc5 11.
f3 h5 12. Qd2 hxg4 13. hxg4 d5 14. exd5 Nxd5 15. Nxd5 Qxd5 16. Rad1 Ne6 17. f4 Qd6 18. f5 Nxd4 19. Bxd4 Bxd4+ 20. Qxd4 Qxd4+ 21. Rxd4 gxf5 22.
gxf5 f6 23. Be4 Rb8 24. Kf2 c5 25. Bd5+ Kf8 26. Rg4 Bxf5 27. Rg8+ Ke7 28. Rg7+ Kd6 29. Rd1 Ke5 30. Bxb7 Red8 31. Re1+ Kf4 32. Re2 Rh8 33.
c3 Rh2+ 34. Ke1 Rh1+ 35. Kd2 Rd8+ 0-1

[Event "*** SCC Grand Prix: Titled Tuesday Blitz"]
[Site "Chess.com"]
[Date "2020.09.08"]
[Round "2"]
[White "suyu28"]
[Black "GOGIEFF"]
[Result "0-1"]
[WhiteElo "2563"]
[BlackElo "2890"]
[TimeControl "180+1"]
[EndTime "10:17:45 PDT"]
[Termination "GOGIEFF won by checkmate"]

1. d4 Nf6 2. c4 g6 3. g3 Bg7 4. Bg2 O-O 5. Nc3 Nc6 6. Nf3 a6 7. O-O Rb8 8. e4 d6 9. a4 Bg4 10. Be3 Nd7 11. Qd2 Bxf3 12. Bxf3 e5 13. dxe5 dxe5 14.
Ne2 Nd4 15. Bxd4 exd4 16. Bg2 Nc5 17. Nc1 Re8 18. Re1 d3 19. Ra3 Qd4 20. b4 Nxe4 21. Bxe4 Rxe4 22. Rxe4 Qxe4 23. Rxd3 Qxc4 24. Ne2 Re8 25. Nf4 Bf8 26. Rd4 Qc6 27. Nd5 Bg7 28. Rd3 h5 29. h4 b5 30. axb5 axb5 31. Kh2 Re4 32. Qd1 Kh7 33. Qf3 Qe6 34. Nxc7 Qc4 35. Nd5 f5 36. Nf4 Be5 37. Rd7+ Kh6 38. Nd3 Rxh4+ 39.
Kg2 Re4 40. Nxe5 Rxe5 41. Qd1 Qe4+ 42. Kh2 f4 43. Qd2 Rf5 44. Rd4 Qe5 45. gxf4 Qf6 46. Kg3 Qc6 47. Rd8 h4+ 48. Kg4 Qg2+ 49. Kxh4 Rh5# 0-1

[Event "*** SCC Grand Prix: Titled Tuesday Blitz"]
[Site "Chess.com"]
[Date "2020.09.08"]
[Round "2"]
[White "JesseKraai"]
[Black "K_A_S_T_O_R"]
[Result "0-1"]
[WhiteElo "2507"]
[BlackElo "2762"]
[TimeControl "180+1"]
[EndTime "10:17:45 PDT"]
[Termination "K_A_S_T_O_R won by resignation"]

1. d4 d5 2. c4 c6 3. Nc3 Nf6 4.
cxd5 cxd5 5. Bf4 Nc6 6. e3 Bg4 7. Qb3 Na5 8. Qc2 Rc8 9. Nf3 Bxf3 10. gxf3 a6 11. Bd3 g6 12. Rc1 Bg7 13. Ke2 Nc6 14. Qb3 Na5 15. Qa4+ Nc6 16. Qb3 Na5 17. Qa4+ Rc6 18.
b4 Nc4 19. Bxc4 dxc4 20. b5 axb5 21. Qxb5 O-O 22. Qxb7 Rb6 23. Qc7 Rb2+ 24. Kf1 Qa8 25. Kg2 Nh5 26. Be5 Rc8 27. Qxe7 Re8 28. Qc5 Rc8 29.
Qd5 Qa3 30. Bd6 Qa6 31. Bc5 Nf6 32. Qg5 Qa5 33. h4 h6 34. Qf4 Re8 35. a3 Nh5 36.
Qd6 Rxe3 37. Bb4 Qa8 38. Rb1 Qxf3+ 0-1

[Event "*** SCC Grand Prix: Titled Tuesday Blitz"]
[Site "Chess.com"]
[Date "2020.09.08"]
[Round "2"]
[White "floplover"]
[Black "Off-War"]
[Result "0-1"]
[WhiteElo "2328"]
[BlackElo "2674"]
[TimeControl "180+1"]
[EndTime "10:17:45 PDT"]
[Termination "Off-War won on time"]

1. d4 Nf6 2. c4 e6 3. Nc3 Bb4 4. Qc2 O-O 5. e4 d6 6. e5 dxe5 7. dxe5 Ng4 8. Nf3 Nc6 9. Bf4 Nd4 10. Qe4 Bc5 11. Rd1 f5 12. Qb1 Nxf3+ 13. gxf3 Qh4 14. Rd2 Bxf2+ 15. Ke2 b5 16. Bg2 Bb7 17. Qf1 Rad8 18. Bg3 Rxd2+ 19. Kxd2 Rd8+ 20. Kc2 Bxg3 21. fxg4 Qxg4 22.
hxg3 Bxg2 23. Qxg2 b4 24. Nd1 Qxc4+ 25. Kb1 Rd4 26.
Qc2 Qd5 27. Ne3 Qxh1+ 0-1

[Event "*** SCC Grand Prix: Titled Tuesday Blitz"]
[Site "Chess.com"]
[Date "2020.09.08"]
[Round "2"]
[White "romulocardoso"]
[Black "garicradomir"]
[Result "0-1"]
[WhiteElo "2032"]
[BlackElo "2375"]
[TimeControl "180+1"]
[EndTime "10:17:45 PDT"]
[Termination "garicradomir won by resignation"]

1. e4 c5 2. Nf3 Nc6 3. d4 cxd4 4. Nxd4 Qc7 5. Nc3 e6 6. Ndb5 Qb8 7. Be3 a6 8. Bb6 axb5 9. Nxb5 Ra4 10. Nc7+ Ke7 11. Bc5+ Kd8 12. Bb6 Rxe4+ 13. Be2 Qxc7 14. Bxc7+ Kxc7 15. O-O Nf6 16. Bf3 Rd4 17. Qe2 d5 18. c3 Rc4 19.
Rac1 Bd6 20. b3 Rc5 21. b4 Rc4 22. Qd2 Bf4 23. Qd3 Ne5 24. Qc2 Bxc1 25. Be2 Bh6 26. Bxc4 Nxc4 27. a4 Bd7 28. b5 b6 29. Ra1 Ra8 30.
h3 Ne4 31. f3 Nc5 32. Qxh7 Nxa4 33. Qc2 Bxb5 34. g4 Be3+ 35. Kg2 Bf4 36. Qh7 Be5 37.
Qh5 Be8 38. Qg5 Bf6 39. Qf4+ e5 40. Qf5 Bd7 41. Qh5 Be6 42. g5 Be7 43. h4 g6 44.
Qh7 Rd8 45. Rxa4 Ne3+ 46. Kf2 d4 47. Ra7+ Kd6 48. cxd4 exd4 49. Qg7 Nf5 50. Qh7 Kd5 51. h5 gxh5 52. Qxh5 Bc5 53. Qg4 d3+ 54. Ke1 Kc6 55.
Qe4+ Bd5 56. Qxf5 d2+ 57. Kxd2 Be4+ 58. Qd7+ Rxd7+ 59. Rxd7 Kxd7 60. fxe4 Ke6 61. Kd3 Ke5 62. g6 fxg6 63. Kc4 g5 64. Kb5 g4 65. Kc4 g3 66.
Kd3 g2 67. Ke2 g1=Q 0-1

[Event "*** SCC Grand Prix: Titled Tuesday Blitz"]
[Site "Chess.com"]
[Date "2020.09.08"]
[Round "2"]
[White "Orest_Vovk"]
[Black "JonahWillow"]
[Result "1-0"]
[WhiteElo "2492"]
[BlackElo "2690"]
[TimeControl "180+1"]
[EndTime "10:17:46 PDT"]
[Termination "Orest_Vovk won by checkmate"]

1. h4 c5 2. h5 Nc6 3. Nc3 d5 4. e4 d4 5. Nce2 e5 6. Ng3 h6 7. Bc4 Nf6 8. d3 b5 9. Bb3 Na5 10. Bd2 Nxb3 11. axb3 Bd6 12. Nf3 Bg4 13. Qb1 Bxf3 14.
gxf3 Qd7 15. Ra6 O-O 16. Bxh6 gxh6 17. Nf5 Ne8 18. Qc1 Qe6 19. Rg1+ Kh7 20. Ke2 Qf6 21. Rg4 Rg8 22. Rg3 Rxg3 23. fxg3 Rc8 24. Rxa7 Rc7 25.
Ra8 Ng7 26. g4 Nxf5 27. exf5 c4 28. Qa1 cxd3+ 29. Kxd3 Qg5 30. Qe1 Qf4 31. Qe4 Qh2 32. f6# 1-0

[Event "*** SCC Grand Prix: Titled Tuesday Blitz"]
[Site "Chess.com"]
[Date "2020.09.08"]
[Round "2"]
[White "Klavdia_Nik"]
[Black "SeedToTree"]
[Result "0-1"]
[WhiteElo "2132"]
[BlackElo "2615"]
[TimeControl "180+1"]
[EndTime "10:17:46 PDT"]
[Termination "SeedToTree won on time"]

1. Nf3 a6 2. g3 b5 3. Bg2 Bb7 4. b3 Nf6 5. Bb2 e6 6. c4 c5 7. O-O Be7 8. Nc3 Qb6 9. d3 Nc6 10. e4 O-O 11. Qe2 d6 12. h3 Rfe8 13. Rad1 Rad8 14. Bc1 b4 15. Na4 Qc7 16. d4 e5 17.
d5 Nd4 18. Nxd4 exd4 19. f4 Bf8 20. Qd3 Bc8 21. Rde1 g6 22. Kh2 Bg7 23. Nb2 Re7 24. e5 Bf5 25. Qf3 Ne8 26. g4 Bc8 27. exd6 Nxd6 28.
Nd3 Rde8 29. Qf2 f5 30. g5 Ne4 31. Qf3 a5 32. Re2 a4 33. Rfe1 axb3 34. axb3 h6 35. h4 hxg5 36. hxg5 Nxg5 37. Qf2 Rxe2 38. Rxe2 Ne4 0-1

[Event "*** SCC Grand Prix: Titled Tuesday Blitz"]
[Site "Chess.com"]
[Date "2020.09.08"]
[Round "2"]
[White "Konek-Gorbunok"]
[Black "Mazetovic"]
[Result "0-1"]
[WhiteElo "2317"]
[BlackElo "2629"]
[TimeControl "180+1"]
[EndTime "10:17:46 PDT"]
[Termination "Mazetovic won on time"]

1. d4 c5 2. Nf3 cxd4 3. Nxd4 Nc6 4. c4 g6 5. Nc3 Bg7 6. e3 Nf6 7. Be2 O-O 8. O-O d6 9. b3 Bd7 10. Bb2 Qa5 11. Qd2 Rfc8 12. Rfd1 a6 13. Bf3 Rab8 14. h3 Nxd4 15. exd4 b5 16. cxb5 axb5 17. d5 b4 18.
Ne4 Nxe4 19. Bxe4 Bxb2 20. Qxb2 Rc3 21. Qe2 Rbc8 22. Bd3 e5 23. dxe6 Bxe6 24. Be4 d5 25. Bf3 Rc2 26. Rd2 Rc1+ 27. Rxc1 Rxc1+ 28. Kh2 Qc5 29. Qe5 Qc3 30. Rd4 Re1 31. Qb8+ Kg7 32. Qxb4 Qc1 33.
Bxd5 Rh1+ 34. Kg3 Qg5+ 0-1

[Event "*** SCC Grand Prix: Titled Tuesday Blitz"]
[Site "Chess.com"]
[Date "2020.09.08"]
[Round "2"]
[White "fabianvivasz"]
[Black "azikom"]
[Result "0-1"]
[WhiteElo "2301"]
[BlackElo "2642"]
[TimeControl "180+1"]
[EndTime "10:17:47 PDT"]
[Termination "azikom won by checkmate"]

1. e4 c5 2. Nc3 e6 3. Nf3 a6 4. d4 cxd4 5. Nxd4 b5 6. Bd3 Bb7 7.
O-O Nc6 8. Nxc6 Bxc6 9. Re1 Ne7 10.
Bg5 Qb8 11. e5 Ng6 12. Bxg6 hxg6 13. Qd4 b4 14. Ne4 Qb5 15. Nd6+ Bxd6 16. Qxd6 f6 17. exf6 gxf6 18. Bxf6 Rh7 19. Rad1 Kf7 20. Be5 Kg8 21. Rd4 Qa4 22. Rg4 Qxc2 23. h4 Rf8 24. Rf1 a5 25. h5 Rxh5 26. Qe7 Rh7 27. Qg5 Qf5 28. Qxg6+ Qxg6 29.
Rxg6+ Kf7 30. Rg5 Ke7 31. Bc7 a4 32. Ba5 Rf4 33. g3 Rh1# 0-1

[Event "*** SCC Grand Prix: Titled Tuesday Blitz"]
[Site "Chess.com"]
[Date "2020.09.08"]
[Round "2"]
[White "Tenamu"]
[Black "kosya4ok"]
[Result "0-1"]
[WhiteElo "2374"]
[BlackElo "2675"]
[TimeControl "180+1"]
[EndTime "10:17:48 PDT"]
[Termination "kosya4ok won by resignation"]

1. d4 d5 2. Nc3 Nf6 3. Bf4 c6 4. e3 b5 5. Nf3 Nbd7 6. Bd3 b4 7. Ne2 Nh5 8. Bg5 h6 9. Bh4 g5 10. Bg3 e6 11. a3 Qb6 12. a4 a5 13. b3 Bg7 14.
O-O Nxg3 15. fxg3 f5 16. h3 O-O 17. g4 f4 18. exf4 gxf4 19. Kh1 c5 20. Qd2 e5 21. dxe5 Nxe5 22. Nxe5 Bxe5 23. Nxf4 Rxf4 24. Rxf4 Bxa1 25. Qf2 Bg7 26. Qf3 Be6 27. Qe3 Qd6 28.
g5 hxg5 29. Rf1 c4 30. bxc4 Rf8 31. Be4 Rxf1+ 0-1

[Event "*** SCC Grand Prix: Titled Tuesday Blitz"]
[Site "Chess.com"]
[Date "2020.09.08"]
[Round "2"]
[White "louis198"]
[Black "Sofiia_Hryzlova"]
[Result "1-0"]
[WhiteElo "2502"]
[BlackElo "2283"]
[TimeControl "180+1"]
[EndTime "10:17:49 PDT"]
[Termination "louis198 won by resignation"]

1. d4 Nf6 2. Bf4 c5 3. c3 Nd5 4. Bg3 Qb6 5. Qb3 Qxb3 6. axb3 cxd4 7. cxd4 g6 8. e4 Nb4 9. Na3 Bg7 10. Nf3 N8c6 11.
e5 f6 12. exf6 Bxf6 13. Bc4 Nxd4 14. Nxd4 Bxd4 15. O-O-O Bf6 16. Nb5 Na6 17. Rhe1 Kf8 18. Be5 Bxe5 19. Rxe5 d6 20. Re3 Bg4 21. Rd4 h5 22. h3 Bf5 23. g4 hxg4 24. hxg4 Rh1+ 25. Kd2 Bb1 26. Rf4+ Kg7 27. Rxe7+ Kh6 28. Rff7 Kg5 29.
Be2 Rg1 30. f4+ Kh4 31. Re3 Rh8 32. Nd4 Rg3 33. Ree7 Rxg4 34. Rh7+ Rxh7 35. Rxh7+ Kg3 36. Bxg4 Kxg4 37. Rxb7 Nc5 38. Rxa7 Kxf4 39. b4 Ne4+ 40. Kc1 Bd3 41. b5 Ke5 42. b6 Nc5 43. Nf3+ Kd5 44.
b7 Nxb7 45. Rxb7 Be4 46. Ng5 Kc5 1-0

[Event "*** SCC Grand Prix: Titled Tuesday Blitz"]
[Site "Chess.com"]
[Date "2020.09.08"]
[Round "2"]
[White "DishonorOnYourCow"]
[Black "RU_B9"]
[Result "1-0"]
[WhiteElo "2352"]
[BlackElo "1852"]
[TimeControl "180+1"]
[EndTime "10:17:50 PDT"]
[Termination "DishonorOnYourCow won on time"]

1. d4 Nf6 2. c4 e6 3. Nf3 d5 4. Nc3 Bb4 5. e3 O-O 6. Bd2 b6 7. cxd5 exd5 8. Bd3 Ba6 9. Bxa6 Nxa6 10. O-O Re8 11. a3 Bf8 12. Rc1 c5 13. dxc5 Nxc5 14. Ne2 Nfe4 15. Nf4 Ne6 16. Nxe6 fxe6 17. Bc3 Nxc3 18.
Rxc3 Rc8 19. Rd3 Qf6 20. Qd2 Rc4 21. h3 Rec8 22. Nd4 Bd6 23. Rd1 Bb8 24. Qe2 e5 25.
Nb5 Rc2 26. R3d2 Rxd2 27. Qxd2 Rc5 28. Nc3 d4 29. exd4 exd4 30. Qxd4 Be5 31. Qd8+ Qxd8 32. Rxd8+ Kf7 33. Rd7+ Kg6 34. Rxa7 Bxc3 35. bxc3 Rxc3 36. Ra6 Rb3 37. a4 Kf7 38. Ra7+ Kf6 39. Rb7 1-0